AoeStats
← 17_Neo_

Arabia

508140759Analyzed
1v1 RM · 11d ago on Sep 21, 2026· 34m 43s· 2 players
Game mode
Random Map
Map size
Tiny (2 player)
Population
200
Speed
Normal
Resources
Standard
Victory
Conquest
Starting age
Dark Age
Ending age
Imperial Age
RankedLock teamsTeams togetherTeam positionsShared explorationLock speedFull tech treeHidden civsTurbo modeCheats
Victory
Defeat
🇨🇴 Teutons · Colombia
1641
+12
🇦🇷 Bengalis · Argentina
1556
-12
Cucurreu
4:51 Loom
9:32 Feudal Age
9:37 Man-at-Arms
11:50 Double-Bit Axe
14:59 Town Watch
17:51 Fletching
21:40 Wheelbarrow
24:14 Castle Age
22:55 Horse Collar
27:52 Bow Saw
28:36 Husbandry
30:58 Bloodlines
31:08 Bodkin Arrow
31:33 Padded Archer Armor
17_Neo_
6:34 Loom
9:09 Feudal Age
10:06 Double-Bit Axe
10:02 Horse Collar
15:30 Fletching
21:22 Castle Age
20:55 Gold Mining
21:31 Bloodlines
22:13 Scale Barding Armor
22:19 Forging
27:26 Bow Saw
27:40 Chain Barding Armor
28:05 Heavy Plow
28:37 Elite Skirmisher
30:07 Bodkin Arrow
31:10 Wheelbarrow
31:31 Ballistics
31:48 Padded Archer Armor
32:26 Iron Casting
Connection lost

Rejoining the realm…

Still unreachable

The connection could not be restored.

Session expired

The server has moved on; the page needs a fresh start.